 Dungeon Crawl Stone Soup version 0.18.1-48-g4cf74bf (webtiles) character file.

2757 Joat the Shield-Bearer (level 9, -10/56 HPs)
             Began as a Gargoyle Fighter on Aug 27, 2016.
             Was a Believer of the Shining One.
             Engulfed by a salamander stormcaller's flame (13 damage)
             ... on level 10 of the Dungeon.
             The game lasted 00:32:06 (6867 turns).

Joat the Shield-Bearer (Gargoyle Fighter)           Turns: 6867, Time: 00:32:07

Health: -10/56     AC: 17    Str: 23    XL:     9   Next: 69%
Magic:  0/0        EV: 11    Int: 12    God:    the Shining One [**....]
Gold:   536        SH:  0    Dex: 14    Spells: 0 memorised, 8 levels left

rFire  . . .     SeeInvis .     K - +2 hand axe of Tortfeasance {chop, MP-9 Str+4 Dex+4} (curse)
rCold  . . .     Gourm    .     w - +1 troll leather armour
rNeg   + + .     Faith    .     c - +0 shield
rPois  ∞         Spirit   .     x - +0 helmet
rElec  +         Dismiss  .     (no cloak)
rCorr  .         Reflect  .     u - +0 pair of gloves
SustAt .         Harm     .     W - +0 pair of boots
MR     +....                    (no amulet)
Stlth  +.........               Q - ring of protection from magic
                                I - +2 ring of protection

@: confused, glowing, somewhat resistant to hostile enchantments, very
unstealthy
A: negative energy resistance 1, electricity resistance, unbreathing,
petrification resistance, rot immunity, AC +5
a: Divine Shield, Renounce Religion


You were on level 10 of the Dungeon.
You worshipped the Shining One.
The Shining One was pleased with you.
You were not hungry.

You visited 1 branch of the dungeon, and saw 10 of its levels.

You collected 536 gold pieces.

Inventory:

Hand Weapons
 K - the cursed +2 hand axe of Tortfeasance (weapon) {chop, MP-9 Str+4 Dex+4}
   (You found it on level 6 of the Dungeon)

   It inflicts extra damage upon your enemies.
   It affects your strength (+4).
   It affects your dexterity (+4).
   It affects your magic capacity (-9).
   It has a curse placed upon it.
 Y - the +5 dagger of Collusion {flame, rElec rPois, unknown}
   (You found it on level 8 of the Dungeon)

   It has been specially enchanted to burn those struck by it, causing extra
   injury to most foes and up to half again as much damage against particularly
   susceptible opponents.
   It insulates you from electricity.
   It protects you from poison.
Missiles
 T - 2 javelins (quivered)
Armour
 c - a +0 shield (worn)
 u - a +0 pair of gloves (worn)
 w - a +1 troll leather armour (worn)
 x - a +0 helmet (worn)
 y - a +0 large shield
 W - a +0 pair of boots (worn)
Jewellery
 d - an uncursed ring of ice
 i - an uncursed ring of sustain attributes
 I - a +2 ring of protection (left hand)
 N - an uncursed ring of protection from magic
 Q - a ring of protection from magic (right hand)
Scrolls
 b - a scroll of immolation {unknown}
 g - a scroll of recharging
 j - a scroll of fear {unknown}
 k - a scroll of magic mapping
 l - a scroll of enchant armour
 n - 5 scrolls of teleportation
 o - 2 scrolls of noise
 p - a scroll of enchant weapon {unknown}
 r - a scroll of blinking {unknown}
 B - 6 scrolls of identify
 E - a scroll of vulnerability {unknown}
 J - a scroll of fog {unknown}
 L - 3 scrolls of remove curse
Potions
 e - a potion of resistance
 m - 2 potions of curing {unknown}
 s - 3 potions of ambrosia
 t - a potion of berserk rage {unknown}
 v - a potion of magic {unknown}
 z - a potion of flight {unknown}
 A - 2 potions of lignification {unknown}
 D - a potion of beneficial mutation {unknown}
 F - 3 potions of heal wounds {unknown}
 G - 2 potions of degeneration {unknown}
 M - a potion of brilliance {unknown}
 P - 2 potions of invisibility {unknown}
 R - a potion of might
 V - 2 potions of haste
Books
 X - a book of Fire

   Spells                             Type                      Level
   a - Ignite Poison                  Fire/Transmutation/Poison    3
   b - Fireball                       Conjuration/Fire             5
   c - Bolt of Fire                   Conjuration/Fire             6
   d - Delayed Fireball               Conjuration/Fire             7
   e - Ring of Flames                 Charms/Fire                  7
Comestibles
 a - a fruit
 f - 4 bread rations
 h - 3 meat rations
 q - 3 beef jerkies
 C - a slice of pizza
 H - 4 chunks of flesh
 O - a royal jelly


   Skills:
 + Level 6.4 Fighting
 * Level 5.1(6.0) Axes
   Level 5.1(6.3) Maces & Flails
 + Level 7.2 Armour
 - Level 2.0 Dodging
 + Level 7.9 Shields


You had 8 spell levels left.
You didn't know any spells.

Dungeon Overview and Level Annotations

Branches:
Dungeon (9/15)             Temple (0/1) D:5
   Lair: D:8-11         Orc: D:9-12

Altars:
Dithmenos
Elyvilon
Kikubaaqudgha
Nemelex Xobeh
Sif Muna
Trog
The Shining One


Innate Abilities, Weirdness & Mutations

You are resistant to torment.
Your stone body is resilient (AC +5).
You are immune to poison.
You resist negative energy.
You are resistant to electric shocks.
You can survive without breathing.
You are immune to petrification.
You are immune to rotting.


Message History

The yak gores you but does no damage. You block the yak's attack.
The eye of draining gazes at you.
The salamander stormcaller gathers magical energy.
There is an open door here.
The salamander stormcaller prepares to call down a storm.
The salamander stormcaller casts a spell at you.
A raging storm of fire appears!
The great blast of fire engulfs you!
Ouch! That really hurt!
* * * LOW HITPOINT WARNING * * *
The great blast of fire engulfs the yak.
The yak dies!
You hear a shout!
Found 17 poisoned needles. 10 fire vortices come into view.
Drink which item? (? for menu, Esc to quit)
It was a potion of ambrosia.
You are confused.
You feel invigorated.
You are engulfed in roaring flames.
You die...

#########
........#########
)........Y...§§v#
.........N..Y§v§#
#)#####'##...v§§########
)........######§@vvv....
.......Y......#§§§vv....
........YY....#§§§§v....
..............#v§#######
..............#..#
.......YG.....#..#
########'######..# ...
(..# .....


You could see a salamander stormcaller, 2 yaks and 10 fire vortices.

Vanquished Creatures
  Psyche (D:8)
  The ghost of Joat the Conjurer, an amateur OpWz of Sif Muna (D:3)
  A phantom (D:10)
  2 orc warriors
  A sky beast (D:6)
  An ogre (D:7)
  4 centaurs
  A big kobold (D:10)
  4 giant frogs
  A scorpion (D:10)
  2 vampire bats (D:2)
  A howler monkey (D:7)
  2 giant frog zombies (D:5)
  3 hounds
  A jelly (D:5)
  2 orc wizards
  2 orc priests (D:7)
  A centaur skeleton (D:8)
  3 giant frog skeletons
  2 iguanas
  Ijyb (D:2)
  Jessica (D:2)
  A gnoll shaman (D:7)
  8 worker ants
  Robin (D:3)
  14 gnolls
  A worker ant zombie (D:7)
  5 adders
  An adder skeleton (D:4)
  3 worms
  4 dart slugs
  3 giant geckos
  21 orcs
  2 bat skeletons (D:2)
  3 bat zombies (D:2)
  5 giant cockroaches
  11 goblins
  10 hobgoblins
  14 jackals
  3 quokkas
  3 ball pythons
  5 bats
  2 giant gecko skeletons (D:4)
  4 giant newts
  14 kobolds
  A quokka zombie (D:8)
  10 rats
187 creatures vanquished.

Vanquished Creatures (others)
  A yak (D:10)
1 creature vanquished.

Grand Total: 188 creatures vanquished

Notes
Turn   | Place    | Note
--------------------------------------------------------------
     0 | D:1      | Joat the Gargoyle Fighter began the quest for the Orb.
     0 | D:1      | Reached XP level 1. HP: 14/14 MP: 1/1
   382 | D:1      | Reached XP level 2. HP: 19/19 MP: 2/2
   613 | D:1      | Reached XP level 3. HP: 20/23 MP: 3/3
  1027 | D:2      | Reached XP level 4. HP: 28/29 MP: 4/4
  1104 | D:2      | Noticed Ijyb
  1105 | D:2      | Noticed Jessica
  1117 | D:2      | Killed Ijyb
  1118 | D:2      | Killed Jessica
  1118 | D:2      | Reached XP level 5. HP: 32/33 MP: 5/5
  1243 | D:2      | Found an ancient bone altar of Kikubaaqudgha.
  1641 | D:3      | Reached XP level 6. HP: 38/38 MP: 6/6
  1669 | D:3      | Noticed Robin
  1670 | D:3      | Noticed Joat's ghost (amateur OpWz)
  2086 | D:3      | Killed Robin
  2359 | D:3      | Found a deep blue altar of Sif Muna.
  2433 | D:3      | Killed Joat's ghost
  2433 | D:3      | Reached skill level 5 in Shields
  2991 | D:4      | Found a glowing golden altar of the Shining One.
  2997 | D:4      | Became a worshipper of the Shining One
  3168 | D:4      | Reached skill level 5 in Armour
  3168 | D:4      | Reached XP level 7. HP: 26/44 MP: 7/7
  3703 | D:5      | Entered Level 5 of the Dungeon
  3711 | D:5      | Found a shadowy altar of Dithmenos.
  3960 | D:5      | Found a staircase to the Ecumenical Temple.
  4066 | D:5      | Reached skill level 1 in Dodging
  4543 | D:6      | Reached skill level 5 in Maces & Flails
  4647 | D:6      | Got an encrusted hand axe
  4648 | D:6      | Identified the cursed +2 hand axe of Tortfeasance {chop, MP-9 Str+4 Dex+4} (You found it on level 6 of the Dungeon)
  4675 | D:6      | Reached XP level 8. HP: 48/48 MP: 0/8
  4702 | D:6      | Reached skill level 5 in Fighting
  4702 | D:6      | Reached skill level 1 in Axes
  5083 | D:6      | Found a shadowy altar of Dithmenos.
  5198 | D:6      | Reached * piety under the Shining One
  5568 | D:7      | Reached XP level 9. HP: 51/55 MP: 0/9
  5891 | D:7      | Found a sparkling altar of Nemelex Xobeh.
  6248 | D:8      | Noticed Psyche
  6259 | D:8      | Killed Psyche
  6299 | D:8      | Found a bloodstained altar of Trog.
  6303 | D:8      | Got a slimy dagger
  6634 | D:9      | Found a white marble altar of Elyvilon.
  6754 | D:9      | You fall through a shaft!
  6754 | D:10     | Entered Level 10 of the Dungeon
  6798 | D:10     | Reached skill level 5 in Axes
  6847 | D:10     | Reached ** piety under the Shining One
  6852 | D:10     | Noticed a salamander stormcaller
  6867 | D:10     | Engulfed by a salamander stormcaller's flame

Skill      XL: |  1  2  3  4  5  6  7  8  9 |
---------------+----------------------------+-----
Armour         | 4 5 6 7 |  7.2
Shields        | 4 5 6 7 |  7.9
Fighting       | 4 5 6 |  6.4
Maces & Flails | 3 5 |  5.1
Dodging        | 1 2 |  2.0
Axes           | 3 5 |  5.1

Action                   |  1- 3 |  4- 6 |  7- 9 || total
-------------------------+-------+-------+-------++-------
Melee: Flail             |   134 |   205 |   131 ||   470
       Hand axe          |       |       |   250 ||   250
  Use: Potion            |       |     1 |     1 ||     2
       Scroll            |       |       |     8 ||     8
  Eat: Chunk             |       |     8 |    12 ||    20
Armor: Scale mail        |    81 |    14 |       ||    95
       Ring mail         |       |    95 |    26 ||   121
       Troll leather arm |       |       |    90 ||    90
Dodge: Dodged            |    31 |    81 |   125 ||   237
Block: Shield            |    66 |   120 |   205 ||   391
